 Dungeon Crawl Stone Soup version 0.22-a0-254-gaf95ca0 (webtiles) character file.

378330 kuniqs the Tortoise (level 21, -11/205 HPs)
             Began as a Deep Dwarf Fighter on Mar 4, 2018.
             Was the Champion of Makhleb.
             Mangled by a vault warden
             ... wielding a +0 bardiche
              (42 damage)
             ... on level 5 of the Vaults.
             The game lasted 01:06:48 (33950 turns).

kuniqs the Tortoise (Deep Dwarf Fighter)           Turns: 33950, Time: 01:06:49

Health: -11/205    AC: 35    Str: 22    XL:     21   Next: 49%
Magic:  6/6        EV: 20    Int:  9    God:    Makhleb [******]
Gold:   2957       SH: 26    Dex: 20    Spells: 20/20 levels left

rFire    + . .     SeeInvis .   a - +9 broad axe (freeze)
rCold    + + .     Gourm    .   W - +0 large shield
rNeg     + . .     Faith    .   t - +4 chain mail of the Republic {rF+ rC+ Str-4 Dex+10}
rPois    +         Spirit   .   N - +1 helmet
rElec    +         Reflect  +   p - +2 cloak {rC+}
rCorr    .         Harm     .   M - +0 pair of gloves
MR       +++..                  L - +2 pair of boots "Reitacli" {rElec}
Stlth    ..........             D - +3 amulet of reflection
HPRegen  0.00/turn              h - +4 ring of protection
MPRegen  0.10/turn              e - +3 ring of slaying

@: non-regenerating
A: damage resistance, heal wounds, clumsy 1, dopey 2, low mp 2, negative energy
resistance 1, sense surroundings 3, poison resistance, no regeneration
}: 3/15 runes: decaying, serpentine, abyssal
a: Heal Wounds, Minor Destruction, Lesser Servant of Makhleb, Major Destruction,
Greater Servant of Makhleb, Renounce Religion


You were on level 5 of the Vaults.
You worshipped Makhleb.
Makhleb was exalted by your worship.
You were not hungry.

You visited 8 branches of the dungeon, and saw 40 of its levels.
You visited the Abyss 1 time.
You also visited: Labyrinth, Ice Cave and Volcano.

You collected 4842 gold pieces.
You spent 1885 gold pieces at shops.

Inventory:

Hand Weapons
 a - a +9 broad axe of freezing (weapon)
 G - a +2 scimitar of flaming
Missiles
 y - 2 throwing nets (quivered)
Armour
 p - a +2 cloak of cold resistance (worn)
 t - the +4 chain mail of the Republic (worn) {rF+ rC+ Str-4 Dex+10}
   (You bought it in a shop on level 2 of the Vaults)

   It affects your strength (-4).
   It affects your dexterity (+10).
   It protects you from fire.
   It protects you from cold.
 L - the +2 pair of boots "Reitacli" (worn) {rElec}
   (You found it in a volcano)

   It insulates you from electricity.
 M - a +0 pair of gloves (worn)
 N - a +1 helmet (worn)
 W - a +0 large shield (worn)
Jewellery
 e - a +3 ring of slaying (right hand)
 h - a +4 ring of protection (left hand)
 D - a +3 amulet of reflection (around neck)
Wands
 i - a wand of iceblast (34)
 q - a wand of disintegration (23)
 x - a wand of flame (137)
 A - a wand of acid (24)
 F - a wand of enslavement (24)
 H - a wand of polymorph (50)
 I - a wand of scattershot (11)
 O - a wand of random effects (82)
 S - a wand of paralysis (48)
 T - a wand of digging (9)
Scrolls
 g - 2 scrolls of fear
 j - 21 scrolls of remove curse {@r2}
 k - 8 scrolls of magic mapping
 l - 9 scrolls of immolation
 m - 10 scrolls of teleportation
 n - 5 scrolls of fog
 s - a scroll of silence
 u - a scroll of holy word
 C - 2 scrolls of summoning
 Q - a scroll of enchant armour
 U - 7 scrolls of identify {@r1}
Potions
 b - 4 potions of heal wounds
 c - a potion of flight
 d - 5 potions of might
 o - 5 potions of lignification
 r - 7 potions of curing {@q1}
 v - 5 potions of resistance
 w - 5 potions of berserk rage
 B - a potion of invisibility
 E - a potion of haste
 J - 6 potions of mutation
 P - 3 potions of agility
 R - 2 potions of cancellation
 V - 4 potions of ambrosia
Comestibles
 f - 71 rations
 z - 8 chunks of flesh


   Skills:
 + Level 16.2 Fighting
 - Level 18.0 Axes
 + Level 18.7 Armour
 + Level 18.5 Dodging
 + Level 18.7 Shields
 - Level 10.0 Invocations


You had 20 spell levels left.
You didn't know any spells.

Dungeon Overview and Level Annotations

Branches:
Dungeon (15/15)            Temple (1/1) D:5            Lair (6/6) D:9
  Swamp (4/4) Lair:4        Snake (4/4) Lair:4        Slime (0/5) Lair:5
    Orc (2/2) D:9             Elf (3/3) Orc:2        Vaults (5/5) D:13
  Crypt (0/3) Vaults:3     Depths (0/5) D:15

Altars:
Ashenzari
Cheibriados
Dithmenos
Elyvilon
Fedhas
Gozag
Hepliaklqana
Kikubaaqudgha
Makhleb
Nemelex Xobeh
Okawaru
Qazlal
Ru
Sif Muna
Trog
Uskayaw
Vehumet
Wu Jian
Xom
Yredelemnul
The Shining One
Beogh

Shops:
D:4 (   D:11 [%(   D:12 *   Orc:2 *}((   Elf:1 }   Vaults:1 :   Vaults:2 [=[:

Portals:
Trove: D:15 (give +6 demon blade)

Annotations:
Swamp:3 Mara
Swamp:4 exclusion: Roxanne, Roxanne
Elf:2 3 runed doors


Innate Abilities, Weirdness & Mutations

You are resistant to damage.
You can heal yourself by infusing magical energy.
You resist negative energy. (rN+)
You passively map a large area around you.
You do not regenerate.
You are clumsy. (Dex -2)
You are very dopey. (Int -4)
Your magical capacity is very low. (-20% MP)
Your system is resistant to poisons. (rPois)


Message History

You are too injured to fight recklessly!
You are too injured to fight recklessly!
You are too injured to fight recklessly!
You are too injured to fight recklessly!
You are too injured to fight recklessly!
You are too injured to fight recklessly!
You are too injured to fight recklessly!
You are too injured to fight recklessly!
You hit the ettin. You freeze the ettin. You slice the vault warden!!
You freeze the vault warden. You slice the ettin!! You freeze the ettin!
You slash the vault warden! You freeze the vault warden.
The ettin hits you with a dire flail!!
* * * LOW HITPOINT WARNING * * *
You block the ettin's attack. The vault warden closely misses you.
You completely miss the ettin. You barely miss the vault warden.
You closely miss the vault warden. You hit the ettin. You freeze the ettin.
You block the ettin's attack. The ettin hits you with a great mace.
* * * LOW HITPOINT WARNING * * *
The vault warden hits you with a bardiche!!!
You die...

# *, , , , , * ,
#.. * * * , , *
#.. #### ,
..#*#")## , ,, ,
,* *#.##))..# ,*,
, , , , , *
##.......... ,,* ,
, , *...........#,
, ,,
#*##pC........# *
*
#.##.##@##....##.#
* **
#......)###$[## .#
, *,
#..##+##).#####* #
* ,#..?# , ,,* *,
#..!# * * ** , *
#..## * * * * ,
,..## ** ,*, , ,,
..# ,,, * , ,,, ,
.. , ,


You could see a vault warden and an ettin.

Vanquished Creatures
  Boris (Vaults:3)
  Vashnia (Snake:2)
  Jorgrun (Swamp:4)
  3 liches
  2 titans (Vaults:5)
  2 deep elf master archers (Elf:3)
  2 deep elf blademasters (Elf:3)
  Frances (D:14)
  5 thorn hunters
  An Executioner (Abyss:4)
  2 tentacled starspawn
  Agnes (D:15)
  A shadow dragon (Vaults:5)
  A tengu reaver (Vaults:5)
  5 nagarajas
  A draconian monk (Abyss:4)
  3 frost giants
  2 deep elf sorcerers
  A fire giant (Vaults:4)
  11 vault wardens
  3 cacodemons (Abyss:4)
  Louise (Snake:4)
  Aizul (Snake:2)
  A deep elf elementalist (Elf:3)
  2 war gargoyles (Vaults:5)
  An entropy weaver (Vaults:3)
  4 stone giants
  7 ironheart preservers
  3 deep elf demonologists (Elf:3)
  Azrael (Elf:1)
  A purple draconian (Abyss:3)
  6 deep elf annihilators (Elf:3)
  A minotaur (Lab)
  A white draconian (Abyss:3)
  7 deep elf death magi
  An ettin (Vaults:2)
  2 deep elf high priests (Elf:3)
  4 great orbs of eyes
  Fannar (D:10)
  Josephine (D:14)
  14 vault guards
  A ghost crab (Swamp:3)
  2 ice dragons
  10 yaktaur captains
  32 hydras
  5 ogre magi
  A death knight (Vaults:5)
  10 naga warriors
  7 centaur warriors
  8 anacondas
  26 two-headed ogres
  17 dancing weapons
  Erica (D:8)
  4 alligators
  A deep troll shaman (Vaults:2)
  7 shock serpents
  Urug (D:10)
  17 naga sharpshooters
  3 thrashing horrors (Abyss:3)
  2 spriggans (Swamp:3)
  6 orc high priests
  10 deep elf knights
  5 wretched stars (Abyss:3)
  A hell knight (Abyss:4)
  Nergalle (Lair:3)
  A sixfirhy (Abyss:3)
  2 salamander mystics
  A shadow wraith (Vaults:1)
  5 skeletal warriors (D:15)
  9 sea snakes (Snake:4)
  A spatial maelstrom (Abyss:4)
  A spriggan druid (Swamp:3)
  3 glowing orange brains
  5 deep elf archers
  7 deep trolls
  14 starcursed masses
  9 ironbrand convokers
  An unseen horror (shapeshifter) (Vaults:3)
  3 naga ritualists
  A wizard (D:15)
  3 shambling mangroves
  11 swamp dragons
  11 orc knights
  57 deep elf magi
  9 mana vipers
  13 salamanders
  An orc sorcerer (Orc:2)
  A necromancer (IceCv)
  25 ugly things
  A manticore (Lair:5)
  3 cyclopes
  A shining eye (Abyss:4)
  A moth of wrath (shapeshifter) (Vaults:5)
  A guardian serpent (shapeshifter) (Vaults:1)
  10 elephants
  7 guardian serpents (Snake:4)
  3 centaur zombies (D:12)
  5 smoke demons (Abyss:3)
  25 black mambas
  12 vault sentinels
  18 spiny frogs
  12 naga magi
  3 gargoyles
  A torpor snail (D:10)
  10 rime drakes
  An ice statue (IceCv)
  An orange demon (Abyss:3)
  15 freezing wraiths
  27 yaktaurs
  An ice devil (Abyss:3)
  6 komodo dragons
  An efreet (Abyss:3)
  2 ancient zymes (Abyss:3)
  A minotaur skeleton (Lab)
  2 queen bees
  5 trolls
  4 tyrant leeches
  A red devil (Abyss:3)
  3 meliai (Lair:4)
  17 large abominations
  9 hornets
  10 polar bears
  A wind drake (shapeshifter) (Vaults:1)
  A raiju (shapeshifter) (Vaults:4)
  25 slime creatures
  A wolf spider simulacrum (IceCv)
  Grinder (D:6)
  10 raiju
  A dream sheep (Lair:6)
  18 blink frogs
  6 bog bodies
  19 hippogriffs
  4 shadows
  A flying skull (Abyss:4)
  2 vampires (D:15)
  2 air elementals (Elf:1)
  A tarantella (shapeshifter) (Vaults:2)
  4 redbacks (Lab)
  6 water elementals
  15 wyverns
  5 wraiths
  29 yaks
  A ynoxinul (Abyss:4)
  3 fire elementals (Elf:1)
  2 fire bats (Volcano)
  8 basilisks
  A death yak simulacrum (IceCv)
  13 vampire mosquitoes
  10 hungry ghosts
  A neqoxec (Abyss:3)
  8 wargs
  Edmund (D:5)
  The ghost of Thaneod the Skirmisher, an amateur GrSu (D:3)
  8 insubstantial wisps
  31 nagas
  2 acid dragons
  20 swamp worms
  12 water moccasins
  16 hell hounds
  2 soldier ants (D:12)
  12 porcupines
  Duvessa (D:6)
  2 floating eyes (Abyss:4)
  9 small abominations
  56 orc warriors
  10 swamp drakes
  13 black bears
  11 ice beasts
  14 ogres
  An eye of draining (D:13)
  2 necrophages
  3 sky beasts
  26 wolves
  18 centaurs
  13 crocodiles
  12 bullfrogs
  A big kobold (D:13)
  A gnoll sergeant (D:7)
  4 earth elementals
  Blork the orc (D:5)
  A wyvern skeleton (D:7)
  Dowan (D:6)
  An elephant simulacrum (IceCv)
  4 scorpions
  2 human simulacra
  32 killer bees
  6 electric eels
  5 wights (D:13)
  A troll skeleton (Lab)
  8 crimson imps
  3 draconian simulacra (IceCv)
  A bullfrog zombie (D:11)
  4 lava snakes (Lab)
  4 centaur skeletons
  2 hounds
  24 orc priests
  5 jellies
  31 orc wizards
  Crazy Yiuf (D:5)
  2 bullfrog skeletons
  Jessica (D:3)
  5 iguanas
  Natasha (thrice) (D:2)
  3 troll simulacra (IceCv)
  6 worker ants
  2 spriggan simulacra (IceCv)
  A wolf simulacrum (IceCv)
  4 centaur simulacra (IceCv)
  An ogre skeleton (Lab)
  A hound skeleton (D:5)
  A worker ant zombie (D:9)
  A howler monkey zombie (D:7)
  Robin (D:2)
  7 gnolls
  A howler monkey skeleton (D:6)
  9 adders
  4 naga simulacra (IceCv)
  4 ogre simulacra (IceCv)
  9 shadow imps
  13 white imps
  2 oozes
  An adder zombie (D:6)
  An adder skeleton (D:8)
  4 worms
  A dart slug (D:1)
  6 leopard geckos
  89 orcs
  3 bat zombies (D:3)
  5 giant cockroaches
  16 goblins
  12 hobgoblins
  9 jackals
  7 kobolds
  A ball python (D:1)
  7 bats
  6 frilled lizards
  A quokka skeleton (D:6)
  6 rats
  2 rat zombies (D:3)
  4 briar patches (Swamp:3)
  3 fungi
  A lurking horror (Abyss:3)
  3 plants
  3 starspawn tentacles
1611 creatures vanquished.

Vanquished Creatures (others)
  An alligator (Swamp:3)
  2 naga sharpshooters
  An orc knight (Vaults:4)
  A deep elf mage (Elf:1)
  5 deep elf archers
  An ugly thing (Vaults:1)
  12 yaktaurs
  A naga (Snake:4)
  A swamp drake (Swamp:4)
  5 centaurs
  A small abomination (Abyss:4)
  2 orc wizards
  3 orcs
  2 briar patches (Swamp:3)
  2 bushes (Lair:6)
  A crawling corpse (Elf:3)
  10 fungi
  A lurking horror (Abyss:3)
  21 plants
  2 starspawn tentacles
75 creatures vanquished.

Grand Total: 1686 creatures vanquished

Notes
Turn   | Place    | Note
-------+----------+-------------------------------------------
     0 | D:1      | kuniqs the Deep Dwarf Fighter began the quest for the Orb.
     0 | D:1      | Reached XP level 1. HP: 20/20 MP: 1/1
    67 | D:1      | Reached XP level 2. HP: 17/27 MP: 2/2
   187 | D:1      | Reached skill level 1 in Dodging
   270 | D:1      | Reached XP level 3. HP: 27/33 MP: 2/2
   590 | D:2      | Noticed Natasha
   602 | D:2      | Killed Natasha
   656 | D:2      | Reached XP level 4. HP: 32/42 MP: 3/3
   680 | D:2      | Noticed Natasha
   692 | D:2      | Killed Natasha
   787 | D:2      | Noticed Natasha
   790 | D:2      | Killed Natasha
   872 | D:2      | Noticed Robin
   881 | D:2      | Killed Robin
   881 | D:2      | Reached XP level 5. HP: 33/49 MP: 3/3
  1294 | D:3      | Noticed Jessica
  1305 | D:3      | Killed Jessica
  1393 | D:3      | Reached XP level 6. HP: 43/56 MP: 4/4
  1764 | D:3      | Noticed Thaneod's ghost (amateur GrSu)
  1778 | D:3      | Killed Thaneod's ghost
  1828 | D:3      | Found a sparkling altar of Nemelex Xobeh.
  1897 | D:3      | Found an ancient bone altar of Kikubaaqudgha.
  2324 | D:4      | Found Apri Kim's Antique Weapon Shop.
  2340 | D:4      | Reached XP level 7. HP: 39/64 MP: 5/5
  2654 | D:4      | Reached skill level 5 in Armour
  2654 | D:4      | Reached skill level 5 in Shields
  3089 | D:5      | Entered Level 5 of the Dungeon
  3089 | D:5      | Found a staircase to the Ecumenical Temple.
  3095 | Temple   | Entered the Ecumenical Temple
  3164 | Temple   | Became a worshipper of Makhleb the Destroyer
  3325 | D:5      | Noticed Edmund
  3349 | D:5      | Killed Edmund
  3349 | D:5      | Reached skill level 1 in Invocations
  3809 | D:5      | Noticed Blork the orc
  3815 | D:5      | Killed Blork the orc
  3815 | D:5      | Reached XP level 8. HP: 57/73 MP: 6/6
  4161 | D:5      | Found a runed door.
  4165 | D:5      | Noticed Crazy Yiuf
  4170 | D:5      | Killed Crazy Yiuf
  4170 | D:5      | Reached skill level 5 in Axes
  4428 | D:6      | Noticed Grinder
  4429 | D:6      | Noticed Duvessa
  4430 | D:6      | Noticed Dowan
  4468 | D:6      | Killed Duvessa
  4485 | D:6      | Killed Dowan
  4606 | D:6      | Reached skill level 5 in Fighting
  4759 | D:6      | Reached * piety under Makhleb
  4927 | D:6      | Killed Grinder
  4927 | D:6      | Reached skill level 5 in Dodging
  5120 | D:7      | Gained mutation: You passively map the area around you. [Deep Dwarf growth]
  5120 | D:7      | Reached XP level 9. HP: 60/81 MP: 6/8
  5545 | D:8      | Noticed a two-headed ogre
  5611 | D:8      | Killed a two-headed ogre
  5611 | D:8      | Reached skill level 5 in Invocations
  5677 | D:8      | Reached ** piety under Makhleb
  5870 | D:8      | Noticed Erica
  5878 | D:8      | Reached XP level 10. HP: 72/91 MP: 10/10
  5882 | D:8      | Killed Erica
  5951 | D:8      | Noticed an eight-headed hydra
  5969 | D:8      | Killed a one-headed hydra
  6286 | D:9      | Found the +7 great mace "Firestarter" {inner flame, rF++}
  6475 | D:9      | Reached *** piety under Makhleb
  6542 | D:9      | Found a staircase to the Lair.
  6733 | D:9      | Found a staircase to the Orcish Mines.
  6916 | D:10     | Entered Level 10 of the Dungeon
  6952 | D:10     | Got a vibrating crystal amulet
  6953 | D:10     | Identified the amulet "Epacluam" {Acrobat rC+} (You found it on level 10 of the Dungeon)
  6978 | D:10     | Noticed Fannar
  7024 | D:10     | Killed Fannar
  7024 | D:10     | Reached XP level 11. HP: 74/100 MP: 11/11
  7112 | D:10     | Noticed a two-headed ogre
  7125 | D:10     | Killed a two-headed ogre
  7193 | D:10     | Noticed Urug
  7216 | D:10     | Killed Urug
  7305 | D:10     | Noticed a two-headed ogre
  7308 | D:10     | Noticed a death drake
  7308 | D:10     | a two-headed ogre changed into a death drake
  7309 | D:10     | a death drake changed into a torpor snail
  7611 | D:11     | Found Qeotanol's Weapon Shop.
  7619 | D:11     | Bought a +3 broad axe of freezing for 363 gold pieces
  7667 | D:11     | Found Xakeokao's Food Shoppe.
  7671 | D:11     | Reached **** piety under Makhleb
  8099 | D:11     | Found Lyocs's Antique Armour Shop.
  8137 | D:11     | Noticed a deep elf mage
  8144 | D:11     | Killed a deep elf mage
  8282 | Lair:1   | Entered Level 1 of the Lair of Beasts
  8330 | Lair:1   | Noticed an eight-headed hydra
  8342 | Lair:1   | Killed a one-headed hydra
  9029 | Lair:2   | Found a frozen archway.
  9038 | IceCv    | Entered an ice cave
  9120 | IceCv    | Reached skill level 10 in Armour
  9171 | IceCv    | Reached XP level 12. HP: 91/112 MP: 8/8
  9199 | IceCv    | Reached skill level 10 in Shields
  9246 | IceCv    | Found an ancient bone altar of Kikubaaqudgha.
  9279 | IceCv    | Reached ***** piety under Makhleb
  9392 | IceCv    | Reached skill level 10 in Axes
  9759 | Lair:2   | Noticed a six-headed hydra
  9775 | Lair:2   | Killed a one-headed hydra
 10048 | Lair:3   | Noticed an eight-headed hydra
 10058 | Lair:3   | Killed a two-headed hydra
 10058 | Lair:3   | Reached skill level 10 in Dodging
 10149 | Lair:3   | Noticed a five-headed hydra
 10158 | Lair:3   | Killed a one-headed hydra
 10190 | Lair:3   | Noticed Nergalle
 10213 | Lair:3   | Killed Nergalle
 10757 | Lair:4   | Found a staircase to the Swamp.
 10760 | Lair:4   | Noticed a seven-headed hydra
 10774 | Lair:4   | Killed a five-headed hydra
 10774 | Lair:4   | Reached XP level 13. HP: 94/121 MP: 9/9
 10811 | Lair:4   | Found a staircase to the Snake Pit.
 11160 | Lair:4   | Reached ****** piety under Makhleb
 11386 | Lair:4   | Reached skill level 10 in Fighting
 11641 | Lair:5   | Found a staircase to the Slime Pits.
 11663 | Lair:5   | Found a dark tunnel.
 11692 | Volcano  | Entered a volcano
 11806 | Volcano  | Got a pair of ancient boots
 11888 | Lair:5   | Identified the +2 pair of boots "Reitacli" {rElec} (You found it in a volcano)
 11910 | Lair:5   | Identified a scroll of acquirement
 12063 | Lair:5   | Gained mutation: You resist negative energy. (rN+) [Deep Dwarf growth]
 12063 | Lair:5   | Reached XP level 14. HP: 130/133 MP: 9/9
 12552 | Lair:6   | Entered Level 6 of the Lair of Beasts
 13514 | Lair:6   | Found the +4 moon troll leather armour {Spirit, Regen++ MP+5}
 13748 | Orc:1    | Entered Level 1 of the Orcish Mines
 13748 | Orc:1    | Found a roughly hewn altar of Beogh.
 14121 | Orc:2    | Entered Level 2 of the Orcish Mines
 14359 | Orc:2    | Found a staircase to the Elven Halls.
 14622 | Orc:2    | Found Atruro's Gadget Emporium.
 14622 | Orc:2    | Found Ikhyefer's Weapon Shoppe.
 14624 | Orc:2    | Found Koalel's Antique Weapon Shoppe.
 14627 | Orc:2    | Found Usihuor's General Store.
 14641 | Orc:2    | Bought a scroll of enchant weapon for 127 gold pieces
 15109 | D:12     | Found Reorgh's General Store.
 15112 | D:12     | Found a labyrinth entrance.
 15117 | D:12     | Bought a potion of heal wounds for 75 gold pieces
 15117 | D:12     | Bought 2 potions of mutation for 240 gold pieces
 15127 | Lab      | Entered a labyrinth
 15238 | Lab      | Reached XP level 15. HP: 142/142 MP: 8/8
 16073 | Lab      | Got a sparkling bronze ring
 16084 | D:12     | Identified the cursed ring of the Thoughtful Curses {rF+++ MR- EV-3 Str-3 Dex+9} (You found it in a labyrinth)
 16199 | D:11     | Bought a shimmering helmet for 209 gold pieces
 16209 | D:11     | Identified the +1 helmet of Cocytus {*Drain rN+++ Regen+ Str-5} (You bought it in a shop on level 11 of the Dungeon)
 16650 | D:13     | Found an opulent altar of Gozag.
 16790 | D:13     | Found a gate to the Vaults.
 17189 | D:14     | Noticed Josephine
 17210 | D:14     | Killed Josephine
 17248 | D:14     | Found a blossoming altar of Fedhas.
 17252 | D:14     | You fall through a shaft!
 17252 | D:15     | Entered Level 15 of the Dungeon
 17520 | D:15     | Found a portal to a secret trove of treasure.
 17847 | D:15     | Found a staircase to the Depths.
 18135 | D:14     | Noticed Agnes
 18156 | D:15     | Killed Agnes
 18538 | D:14     | Noticed Frances
 18552 | D:14     | Killed Frances
 18552 | D:14     | Reached XP level 16. HP: 77/152 MP: 9/9
 18871 | Swamp:1  | Entered Level 1 of the Swamp
 19179 | Swamp:1  | Noticed a thorn hunter
 19194 | Swamp:1  | Killed a thorn hunter
 20185 | Swamp:2  | Gained mutation: Your body sometimes deteriorates upon taking damage. [potion of mutation]
 20185 | Swamp:2  | Lost mutation: Your body sometimes deteriorates upon taking damage. [potion of mutation]
 20185 | Swamp:2  | Gained mutation: You have a pair of small horns on your head. [potion of mutation]
 20186 | Swamp:2  | Lost mutation: You have a pair of small horns on your head. [potion of mutation]
 20186 | Swamp:2  | Gained mutation: Your magical capacity is low. (-10% MP) [potion of mutation]
 20186 | Swamp:2  | Gained mutation: Your magical capacity is very low. (-20% MP) [potion of mutation]
 20186 | Swamp:2  | Gained mutation: Your system is resistant to poisons. (rPois) [potion of mutation]
 20197 | Swamp:3  | Noticed a thorn hunter
 20223 | Swamp:3  | Killed a thorn hunter
 20364 | Swamp:3  | Identified the +0 scale mail of the Bells {Str+2 Dex+4} (You found it on level 3 of the Swamp)
 20763 | Swamp:4  | Entered Level 4 of the Swamp
 20815 | Swamp:4  | Noticed Mara
 20818 | Swamp:4  | Noticed kuniqs's illusion
 20869 | Swamp:3  | Noticed kuniqs's illusion
 21032 | Swamp:4  | Noticed a thorn hunter
 21052 | Swamp:4  | Killed a thorn hunter
 21109 | Swamp:4  | Noticed a thorn hunter
 21117 | Swamp:4  | Killed a thorn hunter
 21117 | Swamp:4  | Reached skill level 15 in Armour
 21158 | Swamp:4  | Got a decaying rune of Zot
 21230 | Swamp:4  | Noticed a thorn hunter
 21240 | Swamp:4  | Killed a thorn hunter
 21240 | Swamp:4  | Reached skill level 15 in Shields
 21356 | Swamp:4  | Noticed Jorgrun
 21372 | Swamp:4  | Killed Jorgrun
 21391 | Swamp:4  | Noticed Roxanne
 21774 | Snake:1  | Entered Level 1 of the Snake Pit
 21782 | Snake:1  | Reached XP level 17. HP: 156/162 MP: 2/2
 21877 | Snake:1  | Reached skill level 15 in Axes
 22531 | Snake:2  | Reached skill level 15 in Dodging
 22535 | Snake:2  | Noticed Vashnia
 23012 | Snake:2  | Noticed Aizul
 23037 | Snake:2  | Killed Aizul
 23055 | Snake:2  | Killed Vashnia
 24024 | Snake:4  | Entered Level 4 of the Snake Pit
 24683 | Snake:4  | Gained mutation: You passively map a large area around you. [Deep Dwarf growth]
 24683 | Snake:4  | Reached XP level 18. HP: 172/172 MP: 4/4
 24818 | Snake:4  | Got a serpentine rune of Zot
 24870 | Snake:4  | Noticed Louise
 24889 | Snake:4  | Killed Louise
 25445 | Elf:1    | Entered Level 1 of the Elven Halls
 25577 | Elf:1    | Found Hiuduuh's Gadget Emporium.
 25728 | Elf:1    | Reached skill level 10 in Invocations
 25828 | Elf:1    | Noticed Azrael
 25848 | Elf:1    | Killed Azrael
 26479 | Elf:2    | Identified the +1 chain mail "Plog" {Str+4} (You found it on level 2 of the Elven Halls)
 26830 | Elf:2    | Found a runed gate.
 26830 | Elf:2    | Found a runed gate.
 26830 | Elf:2    | Found a runed gate.
 27086 | Elf:3    | Entered Level 3 of the Elven Halls
 27088 | Elf:3    | Found a shimmering altar of Xom.
 27918 | Elf:3    | Cast into level 3 of the Abyss (a deep elf demonologist)
 28193 | Abyss:3  | Reached XP level 19. HP: 174/182 MP: 2/6
 28205 | Abyss:3  | Gained mutation: You are clumsy. (Dex -2) [a neqoxec]
 28246 | Abyss:3  | Found a corrupted altar of Lugonu.
 28540 | Abyss:3  | Noticed a lich
 28556 | Abyss:3  | Killed a lich
 28560 | Abyss:4  | Paralysed by a floating eye for 3 turns
 28567 | Abyss:4  | Gained mutation: You are dopey. (Int -2) [a cacodemon]
 28570 | Abyss:4  | Gained mutation: You are very dopey. (Int -4) [a cacodemon]
 28601 | Abyss:4  | Paralysed by a floating eye for 4 turns
 28607 | Abyss:4  | Paralysed by a floating eye for 3 turns
 28610 | Abyss:4  | Got an abyssal rune of Zot
 28612 | Abyss:4  | Paralysed by a floating eye for 3 turns
 28615 | Abyss:4  | Noticed an ancient lich
 28634 | Abyss:4  | Paralysed by a floating eye for 3 turns
 28717 | Elf:3    | Escaped the Abyss
 28782 | Elf:3    | Got a coiled brass amulet
 28784 | Elf:3    | Identified the amulet "Arits" {RegenMP Dex+3} (You took it off an orc high priest on level 3 of the Elven Halls)
 28796 | Elf:3    | Noticed a Brimstone Fiend
 29040 | Elf:3    | Found the +8 autumn katana {slice, Clar}
 29549 | Vaults:1 | Entered Level 1 of the Vaults
 29609 | Vaults:1 | Found Kiheluf's Book Boutique.
 29641 | Vaults:1 | Reached skill level 15 in Fighting
 29756 | Vaults:1 | Reached XP level 20. HP: 194/194 MP: 6/6
 30802 | Vaults:2 | Found Mihuethre's Book Boutique.
 30987 | Vaults:2 | Found a roughly hewn altar of Beogh.
 31141 | Vaults:2 | Found Huczett's Jewellery Shop.
 31295 | Vaults:2 | Found Lucwe's Armour Boutique.
 31298 | Vaults:2 | Bought the +4 chain mail of the Republic {rF+ rC+ Str-4 Dex+10} for 871 gold pieces
 31415 | Vaults:2 | Found Zahuf's Armour Emporium.
 32061 | Vaults:3 | Noticed Boris
 32085 | Vaults:3 | Killed Boris
 32233 | Vaults:3 | Found a staircase to the Crypt.
 32233 | Vaults:3 | Found a basalt altar of Yredelemnul.
 32234 | Vaults:3 | Found an ancient bone altar of Kikubaaqudgha.
 32633 | Vaults:3 | Reached XP level 21. HP: 204/204 MP: 6/6
 33859 | Vaults:5 | Entered Level 5 of the Vaults
 33859 | Vaults:5 | Noticed a golden dragon
 33950 | Vaults:5 | Mangled by a vault warden

Vault maps used:
D:1:      scummos_arrival_simple_fountains, dk_noncrumbling_3,
          minmay_tetromino_s4
D:2:      uniq_robin, uniq_natasha
D:3:      cheibrodos_pilgrimage, lemuel_zombie_altar_kikubaaqudgha,
          hangedman_decor_push, nemelex_spade_bored_becter, uniq_jessica
D:4:      serial_shops, nicolae_shop_overgrown_old_shop
D:5:      minmay_temple_entry_mist, first_ration, uniq_crazy_yiuf_cottage,
          uniq_blork_the_orc, uniq_edmund
D:6:      serial_glass, glass_columns_b, glass_columns_c,
          minmay_misc_feat_cross, uniq_duvessa, uniq_grinder
D:8:      uniq_erica
D:9:      lair_entry_dummy, david_orc_4
D:10:     david_nohive_1, small_statue_intersection, uniq_fannar, uniq_urug
D:11:     serial_shops, shop, kennysheep_mini, shop_statue
D:12:     serial_shops, nicolae_shop_behind_doors, lab_entry_generic,
          st_stairs_7, grunt_decor_one_mirror
D:13:     lightli_vaults_fourway_checkpoint, grunt_gozag_statues
D:14:     kennysheep_another_room, basic_altar, uniq_josephine, uniq_agnes,
          uniq_frances
D:15:     grunt_enter_depths_snipers, enter_trove_5, minmay_fountain_box,
          st_stairs_1
Temple:   regret_index_temple_sigil_plot
Lair:1:   serial_bayou_shore_a
Lair:2:   portal_ice_cave_entry_pillars_1
Lair:3:   nicolae_quartered_pool_little, minmay_hedge_maze, beast_lair_carwin_2,
          uniq_nergalle
Lair:4:   minmay_swamp_entry_eels, dummy_snake_entry, special_room,
          grunt_megastairs_1
Lair:5:   slime_dummy, special_room, nicolae_volcano_entry_two_sided,
          lemuel_fruit_fields, lemuel_fruit_tree
Lair:6:   hangedman_lair_caniforms_friends
Swamp:1:  evilmike_swamp_ruin_house_2
Swamp:2:  evilmike_swamp_ruin_house_4, swamp_pool3
Swamp:3:  infiniplex_staircase_pool
Swamp:4:  swamp_basic_johnstein, uniq_roxanne, uniq_jorgrun, uniq_mara
Snake:1:  grunt_megastairs_4
Snake:2:  uniq_aizul, uniq_vashnia
Snake:4:  grunt_snake_rune_pools, uniq_louise
Orc:1:    basic_altar
Orc:2:    st_orc_mages
Elf:1:    serial_shops, nicolae_shop_stone, minmay_elf_crystal_hexagon,
          minivault_27, lemuel_flamethrower_3, grunt_megastairs_2, uniq_azrael
Elf:2:    minivault_4, uniq_asterion
Elf:3:    elf_hall_gauntlet_wide, basic_altar, abandoned_shop
Vaults:1: hangedman_vaults_trim, nicolae_vaults_little_ls,
          ontoclasm_vaults_ring_small, v_misc_16, v_misc_17,
          vaults_room_guarded_vault, hangedman_vaults_trim, v_misc_2,
          vaults_room_fours, nicolae_vaults_mini_display_case,
          nicolae_vaults_little_squares_4, hangedman_vaults_restitches,
          serial_shops, nicolae_shop_crystal
Vaults:2: hangedman_vaults_hat, nicolae_vaults_rhombus_7,
          nicolae_vaults_puzzle_piece, v_misc_5, vaults_room_boxed, v_misc_2,
          vaults_mumra_hexcomb, special_room_vaults,
          nicolae_vaults_ring_of_whatevers, ontoclasm_vaults_ligature,
          serial_shops, nicolae_shop_behind_doors, shop, shop,
          nicolae_shop_statue_plus
Vaults:3: hangedman_vaults_stagger, v_misc_17, st_lattice,
          grunt_vaults_diagonal, ontoclasm_vaults_claustrophobia,
          nicolae_vaults_specimen_jars, vaults_room_door_ring,
          minmay_crypt_entry_necro_gods, uniq_boris
Vaults:4: v_misc_33, vaults_dpeg_spiral, stair_cage_open,
          ontoclasm_vaults_misaligned, vaults_mumra_minichess_inversion,
          v_misc_18, v_misc_19, v_misc_3, vaults_dpeg_encased_lava,
          nicolae_vaults_little_squares_4, grunt_vaults_swirl,
          hangedman_vaults_trim, nicolae_vaults_ring_of_whatevers
Vaults:5: serial_shops, uniq_xtahua
Abyss:3:  grunt_abyss_rune_wretched_hive
Abyss:4:  hangedman_abyss_rune_macabre_mess, evilmike_abyss_exit_smiterflies
Lab:      lab_statue, nicolae_lab_t_cross, nicolae_lab_lava, lab_fountain,
          labyrinth_skeletal_remains, nicolae_lab_blocks, nicolae_lab_diamond,
          nicolae_lab_quarters, lab_hedge, nicolae_lab_x, labyrinth_lava_lair,
          nicolae_lab_checkerboard, labyrinth_fake_exit,
          nicolae_lab_flowing_pool, nicolae_lab_plus
IceCv:    ice_cave_small_necro
Volcano:  volcano_village

Skill      XL: |  1  2  3  4  5  6  7  8  9 10 11 12 13 14 15 16 17 18 19 20 21 |
---------------+----------------------------------------------------------------+-----
Dodging        | 1 2 3 4 5 6 7 9 10 11 12 13 14 15 16 17 18 | 18.5
Fighting       | 3 4 5 6 7 8 9 10 11 12 13 14 15 16 | 16.2
Axes           | 3 4 5 7 8 9 10 12 13 14 15 16 17 18 | 18.0
Armour         | 4 5 6 7 8 10 11 12 13 14 15 16 17 18 | 18.7
Shields        | 4 5 6 7 8 9 11 12 13 14 15 16 17 18 | 18.7
Invocations    | 1 4 6 9 10 | 10.0

Action                   |  1- 3 |  4- 6 |  7- 9 | 10-12 | 13-15 | 16-18 | 19-21 || total
-------------------------+-------+-------+-------+-------+-------+-------+-------++-------
Melee: War axe           |   116 |   108 |       |   161 |       |       |       ||   385
       Dagger            |       |   141 |    73 |       |       |       |       ||   214
       Flail             |       |       |   440 |   210 |       |       |       ||   650
       Scimitar          |       |       |       |    52 |   141 |   138 |       ||   331
       Broad axe         |       |       |       |   375 |  1276 |  1453 |  1317 ||  4421
Throw: Tomahawk          |     7 |       |     3 |       |       |       |       ||    10
       Throwing net      |       |       |     2 |     1 |       |       |       ||     3
Invok: Lesser Servant of |       |       |       |     1 |       |       |       ||     1
 Abil: Heal Wounds       |     3 |     4 |     8 |    23 |     4 |    12 |     5 ||    59
Evoke: Wand              |       |       |       |    17 |     3 |     2 |       ||    22
  Use: Scroll            |       |     6 |     7 |    13 |    18 |     6 |     4 ||    54
       Potion            |       |       |       |     1 |     1 |     4 |     3 ||     9
 Stab: Held in net/web   |       |       |     3 |     3 |       |       |       ||     6
       Petrified         |       |       |       |       |       |       |     2 ||     2
  Eat: Chunk             |       |     5 |    10 |    23 |    27 |    25 |    19 ||   109
       Ration            |       |       |     1 |     1 |     4 |     3 |       ||     9
Armor: Scale mail        |    50 |   120 |    44 |       |       |       |       ||   214
       Chain mail        |       |       |    56 |   510 |   790 |   880 |   328 ||  2564
       Plate armour      |       |       |   142 |    43 |       |       |       ||   185
Dodge: Dodged            |    48 |   102 |   143 |   493 |   800 |   943 |   350 ||  2879
Block: Shield            |    70 |   153 |   300 |   638 |  1179 |   966 |       ||  3306
       Reflection        |       |       |       |       |    40 |   156 |   109 ||   305
       Large shield      |       |       |       |       |       |   773 |  1192 ||  1965
       Rpst.: Scimitar   |       |       |       |    11 |    30 |    42 |       ||    83

Table legend:
 A = Spawn XP
 B = Non-spawn XP
 C = Spawn XP percentage of total XP
 D = Spawn monster count
 E = Non-spawn monster count
 F = Spawn count percentage of total count
 G = Total turns spent on level
                    A         B        C        D         E        F      G
               +---------+---------+-------+---------+---------+-------+---------
         Total |   24132 |  621695 |   3.7 |      32 |    1595 |   2.0 | 33950
               +---------+---------+-------+---------+---------+-------+---------
           D:1 |       0 |      46 |   0.0 |       0 |      27 |   0.0 |   535
           D:2 |       0 |     174 |   0.0 |       0 |      28 |   0.0 |   715
           D:3 |       0 |     471 |   0.0 |       0 |      43 |   0.0 |  1037
           D:4 |       0 |     364 |   0.0 |       0 |      18 |   0.0 |   802
           D:5 |       0 |     410 |   0.0 |       0 |       6 |   0.0 |  1036
           D:6 |       0 |    1077 |   0.0 |       0 |      26 |   0.0 |   766
           D:7 |       0 |     468 |   0.0 |       0 |      14 |   0.0 |   551
           D:8 |       0 |    4605 |   0.0 |       0 |      41 |   0.0 |   694
           D:9 |       0 |    2270 |   0.0 |       0 |      31 |   0.0 |   983
          D:10 |       0 |    4346 |   0.0 |       0 |      19 |   0.0 |   713
          D:11 |       0 |     995 |   0.0 |       0 |      13 |   0.0 |   801
          D:12 |       0 |    3955 |   0.0 |       0 |      21 |   0.0 |   453
          D:13 |       0 |   12814 |   0.0 |       0 |      48 |   0.0 |   817
          D:14 |       0 |   13411 |   0.0 |       0 |      52 |   0.0 |   604
          D:15 |       0 |   19337 |   0.0 |       0 |      37 |   0.0 |   898
        Lair:1 |       0 |    3185 |   0.0 |       0 |      17 |   0.0 |   736
        Lair:2 |       0 |    4085 |   0.0 |       0 |      14 |   0.0 |   700
        Lair:3 |       0 |    6562 |   0.0 |       0 |      25 |   0.0 |   619
        Lair:4 |       0 |   15427 |   0.0 |       0 |      68 |   0.0 |   976
        Lair:5 |       0 |   17286 |   0.0 |       0 |      56 |   0.0 |   903
        Lair:6 |       0 |   19509 |   0.0 |       0 |      93 |   0.0 |  1010
       Swamp:1 |       0 |    7904 |   0.0 |       0 |      16 |   0.0 |   626
       Swamp:2 |       0 |    7394 |   0.0 |       0 |      17 |   0.0 |   757
       Swamp:3 |       0 |   17505 |   0.0 |       0 |      45 |   0.0 |   641
       Swamp:4 |       0 |   28924 |   0.0 |       0 |      38 |   0.0 |   853
       Snake:1 |       0 |    7570 |   0.0 |       0 |      11 |   0.0 |   652
       Snake:2 |       0 |   20703 |   0.0 |       0 |      22 |   0.0 |   560
       Snake:3 |       0 |    6781 |   0.0 |       0 |      13 |   0.0 |  1089
       Snake:4 |       0 |   66368 |   0.0 |       0 |     114 |   0.0 |  1171
         Orc:1 |       0 |    2806 |   0.0 |       0 |      35 |   0.0 |   447
         Orc:2 |       0 |    6029 |   0.0 |       0 |      38 |   0.0 |   767
         Elf:1 |       0 |   29996 |   0.0 |       0 |      55 |   0.0 |  1066
         Elf:2 |       0 |    8446 |   0.0 |       0 |      13 |   0.0 |   622
         Elf:3 |       0 |   52390 |   0.0 |       0 |      60 |   0.0 |  1456
      Vaults:1 |       0 |   36217 |   0.0 |       0 |      55 |   0.0 |  1011
      Vaults:2 |       0 |   48268 |   0.0 |       0 |      89 |   0.0 |  1018
      Vaults:3 |       0 |   43534 |   0.0 |       0 |      47 |   0.0 |  1178
      Vaults:4 |       0 |   38726 |   0.0 |       0 |      68 |   0.0 |  1103
      Vaults:5 |       0 |   21153 |   0.0 |       0 |      16 |   0.0 |    91
       Abyss:3 |   19015 |   12039 |  61.2 |      27 |      30 |  47.4 |   640
       Abyss:4 |    5117 |   13963 |  26.8 |       5 |      30 |  14.3 |   159
           Lab |       0 |    5200 |   0.0 |       0 |      24 |   0.0 |   948
         IceCv |       0 |    6546 |   0.0 |       0 |      54 |   0.0 |   495
       Volcano |       0 |    2436 |   0.0 |       0 |       8 |   0.0 |   158
               +---------+---------+-------+---------+---------+-------+---------
